 Dungeon Crawl Stone Soup version 0.29-a0-414-g5075937ec3 (webtiles) character file.

Game seed: 13563035287414932804

298 purpskrrrp the Gusty (level 6, -2/47 HPs)
             Began as a Gnoll Wanderer on May 16, 2022.
             Slain by Grinder (11 damage)
             ... on level 3 of the Dungeon.
             The game lasted 00:21:49 (3273 turns).

purpskrrrp the Gusty (Gnoll Wanderer)               Turns: 3273, Time: 00:21:49

Health: -2/47      AC:  3    Str: 11    XL:     6   Next: 35%
Magic:  23/23      EV: 12    Int: 21    God:
Gold:   100        SH:  0    Dex: 12    Spells: 11/15 levels left

rFire   . . .      SeeInvis .   r - +4 quarterstaff (chaos)
rCold   . . .      Faith    .   (shield currently unavailable)
rNeg    . . .      Spirit   .   q - +0 robe
rPois   .          Reflect  .   (no helmet)
rElec   .          Harm     .   f - +0 cloak of Grot {Int+3}
rCorr   .          Rampage  .   (no gloves)
Will    .....                   (no boots)
Stlth   ++........              l - amulet "Uramudeo" {RegenMP Int+5}
HPRegen 0.15/turn               e - ring of wizardry
MPRegen 0.58/turn               i - ring of magical power

@: no status effects
A: fangs 1, strong nose, distributed training
a: no special abilities


You were on level 3 of the Dungeon.
You visited 1 branch of the dungeon, and saw 3 of its levels.

You collected 100 gold pieces.

Inventory:

Hand Weapons
 a - a +0 shortbow
 d - a +0 dagger
 n - a +0 scythe
 r - a +4 quarterstaff of chaos (weapon)
 t - a +2 spear of venom
Missiles
 m - 3 javelins
Armour
 b - a +0 scale mail
 f - the +0 cloak of Grot (worn) {Int+3}
   (You found it on level 2 of the Dungeon)

   Int:       It affects your intelligence (+3).
 q - a +0 robe (worn)
Jewellery
 e - a ring of wizardry (left hand)
 i - a ring of magical power (right hand)
 l - the amulet "Uramudeo" (around neck) {RegenMP Int+5}
   (You found it on level 2 of the Dungeon)

   [amulet of magic regeneration]

   It increases your rate of magic regeneration.
   Int:       It affects your intelligence (+5).
 p - an amulet of faith
Scrolls
 h - a scroll of poison
 s - a scroll of enchant weapon {unknown}
 u - a scroll of blinking
 v - a scroll of teleportation
Potions
 c - a potion of attraction
 g - a potion of mutation {unknown}
 j - 3 potions of curing
 k - a potion of degeneration {unknown}
 o - a potion of haste {unknown}
 w - a potion of ambrosia {unknown}
 x - a potion of lignification {unknown}


   Skills:
 + Level 3.2 Fighting
 + Level 1.9 Short Blades
 + Level 1.9 Long Blades
 + Level 1.9 Axes
 + Level 1.9 Maces & Flails
 + Level 1.9 Polearms
 + Level 1.9 Staves
 + Level 1.9 Slings
 + Level 3.2 Bows
 + Level 1.9 Crossbows
 + Level 1.9 Throwing
 + Level 5.0 Armour
 + Level 1.9 Dodging
 + Level 3.0 Stealth
 + Level 1.9 Shields
 + Level 1.9 Unarmed Combat
 + Level 5.3 Spellcasting
 + Level 1.5 Conjurations
 + Level 1.5 Hexes
 + Level 1.5 Summonings
 + Level 1.5 Necromancy
 + Level 1.5 Translocations
 + Level 1.5 Transmutations
 + Level 1.5 Fire Magic
 + Level 1.5 Ice Magic
 + Level 5.6 Air Magic
 + Level 1.5 Earth Magic
 + Level 1.5 Poison Magic
 + Level 2.1 Invocations
 + Level 1.9 Evocations


You had 11 spell levels left.
You knew the following spells:

 Your Spells              Type           Power      Damage    Failure   Level
a - Shock                 Conj/Air       80%        1d8       1%          1
b - Summon Guardian Gole  Hex/Summ       12%        N/A       7%          3

Your spell library contained the following spells:

 Spells                   Type           Power      Damage    Failure   Level
 Poisonous Vapours        Pois/Air       40%        N/A       1%          2
 Swiftness                Air            29%        N/A       1%          3
 Scorch                   Fire           24%        2d6       3%          2
 Flame Wave               Conj/Fire      12%        2d6       22%         4
 Summon Cactus Giant      Summ           6%         N/A       96%         6
 Orb of Destruction       Conj           6%         9d6       100%        7
 Spellforged Servitor     Conj/Summ      6%         N/A       100%        7


Dungeon Overview and Level Annotations

Branches:
Dungeon (3/15)

Altars:
Makhleb

Annotations:
D:3 Grinder


Innate Abilities, Weirdness & Mutations

You have very sharp teeth.
Your uncanny sense of smell can sniff out nearby items.
Your experience applies equally to all skills.


Message History

Confirm with . or Enter, or press ? or * to list all spells.
A guardian golem appears, shielding your allies.
The kobold throws a stone.
The stone closely misses you.
Aiming: Shock (safe; 1% risk of failure)
Press: ? - help, Q - select action, (/) - cycle Shift-Dir - straight line, f/p - Grinder
Aim: Grinder (moderately wounded, ally target, 68% to hit)
The zap hits Grinder.
Grinder is moderately wounded.
You thump Grinder!
Grinder is heavily wounded.
Grinder barely misses you. Grinder hits you but does no damage.
You hit Grinder.
Grinder suddenly seems more agile.
You bite Grinder, but do no damage.
Grinder is severely wounded.
Grinder gestures at you.
You barely resist. You hit Grinder but do no damage.
Grinder flickers and vanishes!
Deactivating autopickup; reactivate with Ctrl-A.
The kobold throws a stone.
The stone hits you. The kobold hits you but does no damage.
You are electrocuted!
You thump the kobold!
You kill the kobold!
Something tries to affect you, but you resist.
Things that are here:
a +1 dagger of electrocution; 3 stones You swap places.
There are no items here.
Something hits your guardian golem but does no damage.
You see here a giant cockroach corpse.
Something hits your guardian golem but does no damage.
Something barely misses your guardian golem.
You swap places.
You hit something but do no damage. Your bite misses something.
Something hits you!
You hit something. Something hits you!
* * * LOW HITPOINT WARNING * * *
You writhe in agony.
* * * LOW HITPOINT WARNING * * *
Something hits you!
You die...

..#.....# .#
#.##..# ∆ #.
#..#### ∆ #.
#.....### ∆ #.
#..#..#.#
∆##.###...#..#
#........#.#
###.†...#
#..#####@##.###
. .......9##.)#
#...........#.#
#.............#
######.########
##


You could see a friendly guardian golem (summoned).

Vanquished Creatures
  Sigmund (D:2)
  4 adders (D:2)
  2 worms
  2 dart slugs
  7 ball pythons
  4 endoplasms
  4 giant cockroaches
  7 goblins
  7 hobgoblins
  10 jackals
  7 kobolds
  A quokka (D:3)
  2 bats
  2 frilled lizards (D:1)
  2 rats (D:2)
62 creatures vanquished.

Vanquished Creatures (others)
  Crazy Yiuf (D:2)
1 creature vanquished.

Grand Total: 63 creatures vanquished

Notes
Turn   | Place    | Note
-------+----------+-------------------------------------------
     0 | D:1      | purpskrrrp the Gnoll Wanderer began the quest for the Orb.
     0 | D:1      | purpskrrrp set off with the following items: a +0 shortbow,
                  | a +0 scale mail, a potion of attraction; and the following
                  | spell memorised: Shock; and the following spells available
                  | to memorise: Swiftness, Poisonous Vapours
     0 | D:1      | Reached XP level 1. HP: 17/17 MP: 6/6
     4 | D:1      | Found a faded altar of an unknown god.
   497 | D:1      | Reached XP level 2. HP: 13/23 MP: 7/7
  1519 | D:1      | Reached XP level 3. HP: 28/28 MP: 9/9
  1523 | D:1      | Reached skill level 5 in Spellcasting
  1691 | D:2      | Found a burning altar of Makhleb.
  1904 | D:2      | Reached skill level 1 in Invocations
  2089 | D:2      | Reached skill level 1 in Short Blades
  2089 | D:2      | Reached skill level 1 in Long Blades
  2089 | D:2      | Reached skill level 1 in Axes
  2089 | D:2      | Reached skill level 1 in Maces & Flails
  2089 | D:2      | Reached skill level 1 in Polearms
  2089 | D:2      | Reached skill level 1 in Staves
  2089 | D:2      | Reached skill level 1 in Slings
  2089 | D:2      | Reached skill level 1 in Crossbows
  2089 | D:2      | Reached skill level 1 in Throwing
  2089 | D:2      | Reached skill level 1 in Dodging
  2089 | D:2      | Reached skill level 1 in Shields
  2089 | D:2      | Reached skill level 1 in Unarmed Combat
  2089 | D:2      | Reached skill level 1 in Evocations
  2102 | D:2      | Identified the amulet "Uramudeo" {RegenMP Int+5}
  2131 | D:2      | Reached XP level 4. HP: 22/34 MP: 11/11
  2145 | D:2      | Learned a level 3 spell: Summon Guardian Golem
  2418 | D:2      | Identified the +0 cloak of Grot {Int+3}
  2585 | D:2      | Reached skill level 1 in Conjurations
  2585 | D:2      | Reached skill level 1 in Hexes
  2585 | D:2      | Reached skill level 1 in Summonings
  2585 | D:2      | Reached skill level 1 in Necromancy
  2585 | D:2      | Reached skill level 1 in Translocations
  2585 | D:2      | Reached skill level 1 in Transmutations
  2585 | D:2      | Reached skill level 1 in Fire Magic
  2585 | D:2      | Reached skill level 1 in Ice Magic
  2585 | D:2      | Reached skill level 1 in Earth Magic
  2585 | D:2      | Reached skill level 1 in Poison Magic
  2725 | D:2      | Noticed Sigmund
  2736 | D:2      | Killed Sigmund
  2737 | D:2      | Reached XP level 5. HP: 33/41 MP: 12/12
  2737 | D:2      | Reached XP level 6. HP: 38/47 MP: 13/13
  2767 | D:2      | Found a runed translucent door.
  2768 | D:2      | Noticed Crazy Yiuf
  2917 | D:2      | Killed Crazy Yiuf
  3145 | D:3      | Reached skill level 5 in Armour
  3219 | D:3      | Noticed Grinder
  3224 | D:3      | Paralysed by Grinder for 4 turns
  3273 | D:3      | Slain by Grinder

Illustrated notes

Levels and vault maps discovered:
D:1:      scummos_arrival_star, layout_loops_cross,
          ebering_ecumenical_altar_hall
D:2:      layout_loops_cross, basic_altar, uniq_crazy_yiuf_cottage, uniq_sigmund
D:3:      layout_loops_ring, minmay_statues_item, minmay_cut_off, uniq_grinder,
          uniq_jessica

Skill      XL: |  1  2  3  4  5  6 |
---------------+-------------------+-----
Spellcasting   | 5 |  5.3
Invocations    | 1 2 |  2.1
Short Blades   | 1 |  1.9
Long Blades    | 1 |  1.9
Axes           | 1 |  1.9
Maces & Flails | 1 |  1.9
Polearms       | 1 |  1.9
Staves         | 1 |  1.9
Slings         | 1 |  1.9
Crossbows      | 1 |  1.9
Throwing       | 1 |  1.9
Dodging        | 1 |  1.9
Shields        | 1 |  1.9
Unarmed Combat | 1 |  1.9
Evocations     | 1 |  1.9
Conjurations   | 1 |  1.5
Hexes          | 1 |  1.5
Summonings     | 1 |  1.5
Necromancy     | 1 |  1.5
Translocations | 1 |  1.5
Transmutations | 1 |  1.5
Fire Magic     | 1 |  1.5
Ice Magic      | 1 |  1.5
Earth Magic    | 1 |  1.5
Poison Magic   | 1 |  1.5
Fighting       | 3 |  3.2
Bows           | 3 |  3.2
Stealth        | 3 |  3.0
Armour         | 5 |  5.0
Air Magic      | |  5.6

Action                   |  1- 3 |  4- 6 || total
-------------------------+-------+-------++-------
Melee: Unarmed           |    91 |       ||    91
       Dagger            |   167 |    21 ||   188
       Bite              |    17 |     2 ||    19
       Punch             |     8 |       ||     8
       Quarterstaff      |       |    10 ||    10
 Cast: Shock             |    18 |    44 ||    62
       Summon Guardian G |       |     9 ||     9
  Use: Scroll            |     1 |     4 ||     5
Armor: Scale mail        |   170 |    12 ||   182
       Robe              |       |    11 ||    11
Dodge: Dodged            |   140 |    16 ||   156

Table legend: (Time is in decaauts)
 A = Elapsed time spent in this place.
 B = Non-inter-level travel time spent in this place.
 C = Inter-level travel time spent in this place.
 D = Time resting spent in this place.
 E = Time spent auto-exploring this place.
 F = Levels seen in this place.
 G = Mean time per level.
                   A        B        C        D        E       F      G
               +--------+--------+--------+--------+--------+-----+--------+
         Total |   3266 |   2930 |    336 |    762 |   1446 |   3 | 1088.7 |
       Dungeon |   3266 |   2930 |    336 |    762 |   1446 |   3 | 1088.7 |
               +--------+--------+--------+--------+--------+-----+--------+

Top non-repeatable levels by time:
     D:1: 1686 daAuts
     D:2: 1299 daAuts
     D:3: 280 daAuts
